 Dungeon Crawl Stone Soup version 0.21.1-1-g345015fe64 (webtiles) character file.

492 Fascinator the Skirmisher (level 7, -7/55 HPs)
             Began as a Formicid Abyssal Knight on July 16, 2018.
             Was a Priest of Lugonu.
             Mangled by Pikel
             ... wielding a +2 whip of electrocution
              (17 damage)
             ... on level 4 of the Dungeon.
             The game lasted 00:09:59 (4194 turns).

Fascinator the Skirmisher (Formicid Abyssal Knight) Turns: 4194, Time: 00:10:02

Health: -7/55      AC:  5    Str: 16    XL:     7   Next: 37%
Magic:  10/10      EV: 12    Int: 17    God:    Lugonu [***...]
Gold:   148        SH:  4    Dex: 12    Spells: 6/6 levels left

rFire    . . .     SeeInvis +   y - +2 dagger (venom)
rCold    . . .     Gourm    .   q - +0 buckler
rNeg     . . .     Faith    .   b - +0 leather armour
rPois    .         Spirit   .   (helmet unavailable)
rElec    .         Reflect  .   u - +1 cloak
rCorr    .         Harm     .   (no gloves)
MR       .....                  (no boots)
Stlth    ++........             (no amulet)
HPRegen  0.18/turn              (no ring)
MPRegen  0.12/turn              (no ring)

@: brilliant, lethally poisoned (-7 -> -8)
A: permanent stasis, dig shafts and tunnels, four strong arms, antennae 3
a: Dig, Shaft Self, Depart the Abyss, Bend Space, Banish, Renounce Religion


You were on level 4 of the Dungeon.
You worshipped Lugonu.
Lugonu was most pleased with you.
You were not hungry.

You visited 1 branch of the dungeon, and saw 4 of its levels.
You visited the Abyss 1 time.

You collected 148 gold pieces.

Inventory:

Hand Weapons
 y - a +2 dagger of venom (weapon)
Armour
 b - a +0 leather armour (worn)
 q - a +0 buckler (worn)
 u - a +1 cloak (worn)
Jewellery
 t - a cursed ring of loudness {unknown}
Wands
 r - a wand of iceblast (2)
 x - a wand of paralysis (14)
Scrolls
 d - 3 scrolls of identify {unknown}
 f - a scroll of blinking {unknown}
 g - 3 scrolls of teleportation {unknown}
 h - a scroll of brand weapon {unknown}
 j - a scroll of fear {unknown}
 n - a scroll of enchant armour {unknown}
 o - 2 scrolls of amnesia {unknown}
Potions
 a - 2 potions of flight {unknown}
 e - a potion of curing {unknown}
 k - a potion of brilliance
 l - a potion of haste {unknown}
 m - a potion of lignification {unknown}
 s - a potion of berserk rage {unknown}
 w - 2 potions of might {unknown}
Comestibles
 c - 4 rations
 i - 4 chunks of flesh


   Skills:
 + Level 4.5 Fighting
 - Level 2.0 Short Blades
   Level 1.3 Maces & Flails
 + Level 3.5 Armour
 + Level 2.5 Dodging
 * Level 3.3 Stealth
 * Level 2.2 Shields
 * Level 4.4 Invocations
 * Level 1.9 Evocations


You had 6 spell levels left.
You didn't know any spells.

Dungeon Overview and Level Annotations

Branches:
Dungeon (4/15)
 Temple: D:4-7

Altars:

Annotations:
D:4 Pikel


Innate Abilities, Weirdness & Mutations

You cannot be hasted, slowed, berserked, paralysed or teleported.
You can dig through walls and to a lower floor.
Your four strong arms can wield two-handed weapons with a shield.
You have a pair of large antennae on your head. (SInv)


Message History

The orc shouts!
You hear a shout!
The orc shouts!
An orc comes into view.
The orc shouts!
An orc comes into view. It is wielding a falchion.
The orc shouts!
The orc moves out of view.
The orc throws an exploding tomahawk.
The exploding tomahawk hits you.
* * * LOW HITPOINT WARNING * * *
The exploding tomahawk explodes!
The explosion of tomahawk fragments engulfs you!
The explosion of tomahawk fragments engulfs the orc.
The explosion of tomahawk fragments engulfs Pikel.
Pikel says, "You'll fetch a fair price!"
It was a potion of brilliance.
You feel clever all of a sudden.
You feel sick.
Pikel hits you with a whip of electrocution.
* * * LOW HITPOINT WARNING * * *
You are electrocuted!
You die...

.##................#.#..
#........................
..##.................###.
#..{.{.....)...........##.)
##...##..ooo................
#.... #.#...†..#...........#
......#...po.......####.....
......#...#K#†#....###..#.#.
#....#.#p#@#....#..##......
.#....{{.w#.....###..#......
........p###....# ##........
##......p#.......# #........
####..†...##.#..# #........
#.........#.............
#.....##........##......
............ .. .#.....
......#.# . #.......


You could see Pikel, a slave and 4 orcs.

Vanquished Creatures
  Duvessa (D:4)
  A slave (D:4)
  Dowan (D:4)
  2 orc priests (D:3)
  A bullfrog skeleton (D:4)
  Crazy Yiuf (D:3)
  An orc wizard (D:3)
  A worker ant (D:4)
  5 adders
  An ooze (D:1)
  An adder skeleton (D:4)
  An adder zombie (D:4)
  A worm (D:4)
  4 dart slugs
  4 leopard geckos
  22 orcs
  2 giant cockroaches
  4 goblins
  4 hobgoblins
  10 jackals
  4 kobolds
  A quokka (D:2)
  6 ball pythons
  11 bats
  3 frilled lizards
  7 rats
100 creatures vanquished.

Notes
Turn   | Place    | Note
-------+----------+-------------------------------------------
     0 | Abyss:1  | Fascinator the Formicid Abyssal Knight began the quest for the Orb.
     0 | Abyss:1  | Reached XP level 1. HP: 18/18 MP: 2/2
     2 | Abyss:1  | Found a corrupted altar of Lugonu.
    56 | Abyss:2  | Noticed a thrashing horror
    60 | Abyss:2  | Noticed a thrashing horror
    61 | D:1      | Escaped the Abyss
   118 | D:1      | Reached XP level 2. HP: 21/24 MP: 3/3
   209 | D:1      | Reached * piety under Lugonu
   225 | D:1      | Reached XP level 3. HP: 20/30 MP: 5/5
   550 | D:1      | Reached skill level 1 in Dodging
   919 | D:2      | Reached skill level 1 in Stealth
  1075 | D:2      | Reached XP level 4. HP: 37/37 MP: 6/6
  1158 | D:2      | Reached skill level 1 in Maces & Flails
  1568 | D:2      | Reached ** piety under Lugonu
  2004 | D:3      | Reached XP level 5. HP: 32/42 MP: 7/7
  2479 | D:3      | Found a runed door.
  2877 | D:3      | Reached skill level 1 in Shields
  3103 | D:3      | Noticed Crazy Yiuf
  3107 | D:3      | Killed Crazy Yiuf
  3107 | D:3      | Reached XP level 6. HP: 41/48 MP: 8/8
  3159 | D:3      | Reached skill level 1 in Evocations
  3481 | D:4      | Noticed Duvessa
  3494 | D:4      | Noticed Dowan
  3594 | D:4      | Killed Dowan
  3600 | D:4      | Killed Duvessa
  3600 | D:4      | Reached XP level 7. HP: 15/55 MP: 10/10
  4009 | D:4      | Reached *** piety under Lugonu
  4177 | D:4      | Noticed Pikel
  4194 | D:4      | Mangled by Pikel

Skill      XL: |  1  2  3  4  5  6 |
---------------+-------------------+-----
Invocations    | 3 4 |  4.4
Dodging        | 1 2 |  2.5
Stealth        | 1 2 3 |  3.3
Maces & Flails | 1 |  1.3
Fighting       | 4 |  4.5
Shields        | 1 2 |  2.2
Armour         | 3 |  3.5
Evocations     | 1 |  1.9
Short Blades   | |  2.0

Action                   |  1- 3 |  4- 6 |  7- 9 || total
-------------------------+-------+-------+-------++-------
Melee: Whip              |    77 |   187 |    14 ||   278
       Dagger            |       |       |    56 ||    56
Invok: Depart the Abyss  |     1 |       |       ||     1
Evoke: Wand              |       |     9 |     1 ||    10
  Use: Potion            |       |       |     1 ||     1
 Stab: Sleeping          |     3 |     2 |       ||     5
  Eat: Chunk             |       |     8 |     3 ||    11
Armor: Leather armour    |    20 |    50 |    14 ||    84
Dodge: Dodged            |    66 |   117 |    34 ||   217
Block: Buckler           |       |    21 |    18 ||    39
